 Dungeon Crawl Stone Soup version 0.17.1-2-g5865329 (webtiles) character file.

73 ArcMage the Skirmisher (level 4, 0/35 HPs)
             Began as a Demonspawn Abyssal Knight on Apr 12, 2016.
             Was a Follower of Lugonu.
             Slain by alcopop's ghost (9 damage)
             ... on level 3 of the Dungeon.
             The game lasted 00:06:33 (2111 turns).

ArcMage the Skirmisher (Demonspawn Abyssal Knight)  Turns: 2111, Time: 00:06:33

Health: 0/35       AC:  3    Str: 13    XL:     4   Next: 8%
Magic:  6/6        EV: 17    Int: 13    God:    Lugonu [*.....]
Gold:   69         SH:  0    Dex: 18    Spells: 0 memorised, 3 levels left

rFire  . . .     SeeInvis .     a - +1 mace
rCold  . . .     Clarity  .     b - +0 leather armour
rNeg   . . .     SustAt   .     (no shield)
rPois  .         Gourm    .     (no helmet)
rElec  .         Spirit   .     (no cloak)
rCorr  .         Warding  .     (no gloves)
rMut   .         Stasis   .     (no boots)
MR     .....                    (no amulet)
Stlth  ++........               (no ring)
                                (no ring)

@: agile, not resistant to hostile enchantments, unstealthy
A: claws 2, powered by pain 1
a: Depart the Abyss, Renounce Religion


You were on level 3 of the Dungeon.
You worshipped Lugonu.
Lugonu was aware of your devotion.
You were not hungry.

You visited 1 branch of the dungeon, and saw 3 of its levels.
You visited the Abyss 1 time.

You collected 69 gold pieces.

Inventory:

Hand Weapons
 a - a +1 mace (weapon)
 k - a +1 spear of venom
Armour
 b - a +0 leather armour (worn)
Scrolls
 d - a scroll of noise {unknown}
 g - 2 scrolls of teleportation {unknown}
 j - 5 scrolls of identify {unknown}
 l - 2 scrolls of remove curse {unknown}
 p - a scroll of fog {unknown}
Potions
 e - a potion of heal wounds {unknown}
 h - a potion of might {unknown}
 i - a potion of curing
Books
 n - a book of Party Tricks

   Spells                             Type                      Level
   a - Summon Butterflies             Summoning                    1
   b - Apportation                    Translocation                1
   c - Tukima's Dance                 Hexes                        3
   d - Alistair's Intoxication        Transmutation/Poison         4
   e - Invisibility                   Hexes                        6
Comestibles
 c - 5 bread rations
 f - 3 meat rations
 m - 2 beef jerkies
 o - 3 chunks of flesh


   Skills:
 + Level 3.5 Fighting
 * Level 2.4 Maces & Flails
 + Level 2.0 Armour
 + Level 1.9 Dodging
 + Level 3.1 Invocations


You had 3 spell levels left.
You didn't know any spells.

Dungeon Overview and Level Annotations

Branches:
Dungeon (3/15)

Altars:
Cheibriados
Fedhas

Annotations:
D:3 alcopop's ghost, amateur HOFi


Innate Abilities, Weirdness & Mutations

You have very sharp fingernails.
You sometimes gain a little power by taking damage.


Message History

The bat hits you.
Alcopop's ghost hits you but does no damage.
Alcopop's ghost hits you!
* * * LOW HITPOINT WARNING * * *
You are too injured to fight recklessly!
Drink which item? (? for menu, Esc to quit)
It was a potion of curing.
You feel better. The bat completely misses you. Alcopop's ghost hits you!
* * * LOW HITPOINT WARNING * * *
You focus on the pain.
You feel agile all of a sudden.
Read which item? (? for menu, Esc to quit)
Okay, then.
You hit alcopop's ghost.
Alcopop's ghost is lightly damaged.
The bat hits you but does no damage. Alcopop's ghost completely misses you.
You hit alcopop's ghost.
Alcopop's ghost is lightly damaged.
Alcopop's ghost hits you!
You die...

........######....
..........# #....
..........# #...
##........### #.
%.......#.#.#.#.#.
..........<.......
......###.#.#.#.#.
.................
.......@#.#.#.#.#
......Wb......#
..............#
................
.................
..#.##..........K
. #. #.......... #
+.........


You could see alcopop's ghost and a bat.

Vanquished Creatures
  Jessica (D:2)
  An adder (D:2)
  A worm (D:2)
  A ball python (D:1)
  6 giant cockroaches
  4 hobgoblins (D:1)
  3 kobolds
  6 bats
  3 giant newts
  6 goblins
  A quokka (D:2)
  4 rats
37 creatures vanquished.

Notes
Turn   | Place    | Note
--------------------------------------------------------------
     0 | Abyss:1  | ArcMage the Demonspawn Abyssal Knight began the quest for the Orb.
     0 | Abyss:1  | Reached XP level 1. HP: 18/18 MP: 2/2
     7 | Abyss:1  | Found a corrupted altar of Lugonu.
    36 | Abyss:1  | Noticed an orange demon
    37 | D:1      | Escaped the Abyss
    69 | D:1      | Reached skill level 1 in Dodging
   217 | D:1      | Gained mutation: You have sharp fingernails. [demonic ancestry]
   217 | D:1      | Reached XP level 2. HP: 24/24 MP: 3/3
   350 | D:1      | Reached * piety under Lugonu
   886 | D:2      | Gained mutation: You sometimes gain a little power by taking damage. [demonic ancestry]
   886 | D:2      | Reached XP level 3. HP: 21/29 MP: 5/5
   994 | D:2      | Found a faded altar to an unknown god.
  1472 | D:2      | Found a snail-covered altar of Cheibriados.
  1722 | D:2      | Noticed Jessica
  1730 | D:2      | Killed Jessica
  1862 | D:2      | Gained mutation: You have very sharp fingernails. [demonic ancestry]
  1862 | D:2      | Reached XP level 4. HP: 35/35 MP: 6/6
  2081 | D:3      | Found a blossoming altar of Fedhas.
  2102 | D:3      | Noticed alcopop's ghost (amateur HOFi)
  2111 | D:3      | Slain by alcopop's ghost

Action                   |  1- 3 |  4- 6 || total
-------------------------+-------+-------++-------
Melee: Mace              |    82 |    18 ||   100
Invok: Depart the Abyss  |     1 |       ||     1
  Use: Potion            |       |     1 ||     1
 Stab: Sleeping          |     2 |       ||     2
  Eat: Chunk             |     3 |     1 ||     4
